 Dungeon Crawl Stone Soup version 0.28-a0-768-g8c92f1e708 (webtiles) character file.

Game seed: 695250034940343092

133501 1994 the Stormcaller (level 17, -10/108 HPs)
             Began as a Tengu Air Elementalist on Oct 31, 2021.
             Was a High Priest of Vehumet.
             Killed from afar by a salamander tyrant (34 damage)
             ... with a flame surge
             ... on level 2 of the Snake Pit.
             The game lasted 02:03:20 (32030 turns).

1994 the Stormcaller (Tengu Air Elementalist)      Turns: 32030, Time: 02:03:21

Health: -10/108    AC:  8    Str:  9    XL:     17   Next: 15%
Magic:  25/33      EV: 24    Int: 28    God:    Vehumet [*****.]
Gold:   1867       SH:  8    Dex: 21    Spells: 2/39 levels left

rFire   . . .      SeeInvis .   a - staff of air
rCold   . . .      Faith    .   q - +2 buckler
rNeg    + . .      Spirit   .   U - +1 robe of Focus {rN+ Will+ rCorr}
rPois   +          Reflect  .   (helmet restricted)
rElec   +          Harm     .   J - +2 cloak {rPois}
rCorr   +          Rampage  .   i - +0 pair of gloves
Will    ++...                   (boots unavailable)
Stlth   +++++.....              t - amulet of magic regeneration
HPRegen 0.28/turn               Q - +6 ring of dexterity
MPRegen 0.48/turn               Y - +6 ring of intelligence

@: weakened, flying quickly and evasively, quick
A: beak, talons 3, nimble flight
a: Renounce Religion


You were on level 2 of the Snake Pit.
You worshipped Vehumet.
Vehumet was extremely pleased with you.
You visited 5 branches of the dungeon, and saw 26 of its levels.
You also visited: Ossuary, Gauntlet and Ice Cave.

You collected 2445 gold pieces.
You spent 578 gold pieces at shops.

Inventory:

Hand Weapons
 b - a +9 quick blade of draining
 O - a +2 dagger of venom
Missiles
 h - a throwing net
 y - 29 poisoned darts
 I - 4 curare-tipped darts
Armour
 f - a +1 troll leather armour
 i - a +0 pair of gloves (worn)
 q - a +2 buckler (worn)
 J - a +2 cloak of poison resistance (worn)
 U - the +1 robe of Focus (worn) {rN+ Will+ rCorr}
   (You bought it in a shop on level 2 of the Orcish Mines)

   rN:        It protects you from negative energy.
   rCorr:     It protects you from acid and corrosion.
   Will:      It increases your willpower.
Magical Staves
 a - a staff of air (weapon)
 R - a staff of death
Jewellery
 c - a ring of wizardry
 t - an amulet of magic regeneration (around neck)
 z - a +4 ring of slaying
 Q - a +6 ring of dexterity (left hand)
 S - a ring of protection from fire
 T - a ring of ice
 V - the ring "Zulanuwao" {Fire Will+ Str+3 SInv Stlth-}
   (You found it on level 12 of the Dungeon)

   [ring of fire]

   It enhances your fire magic.
   Str:       It affects your strength (+3).
   rF:        It protects you from fire.
   rC:        It makes you vulnerable to cold.
   SInv:      It lets you see invisible.
   Will:      It increases your willpower.
   Stlth:     It makes you less stealthy.
 Y - a +6 ring of intelligence (right hand)
Wands
 d - a wand of iceblast (33)
 v - a wand of polymorph (23)
 H - a wand of paralysis (21)
 K - a wand of acid (21)
 P - a wand of flame (45)
Scrolls
 e - a scroll of enchant weapon
 g - a scroll of summoning {unknown}
 k - 2 scrolls of silence {unknown}
 o - 3 scrolls of blinking
 p - 4 scrolls of immolation
 r - 2 scrolls of holy word
 s - 4 scrolls of enchant armour
 u - a scroll of identify
 x - 2 scrolls of magic mapping
 A - 4 scrolls of fear
 G - 6 scrolls of teleportation
 N - a scroll of vulnerability
 X - a scroll of torment {unknown}
 Z - 2 scrolls of acquirement
Potions
 j - 5 potions of heal wounds
 l - 3 potions of ambrosia
 m - 4 potions of resistance
 n - 4 potions of lignification
 w - 3 potions of brilliance
 B - 4 potions of cancellation
 C - 10 potions of curing
 D - 8 potions of might
 E - 2 potions of magic {unknown}
 F - 4 potions of invisibility
 L - 3 potions of attraction
 M - 2 potions of haste


   Skills:
 * Level 12.8 Fighting
 - Level 8.0 Short Blades
 + Level 10.9 Armour
 + Level 11.0 Dodging
 + Level 11.0 Stealth
 - Level 4.0 Shields
 + Level 11.9 Spellcasting
 + Level 11.7 Conjurations
 - Level 4.0 Translocations
 + Level 17.6 Air Magic
 - Level 1.0 Poison Magic


You had 2 spell levels left.
You knew the following spells:

 Your Spells              Type           Power      Damage    Failure   Level
a - Freezing Cloud        Conj/Ice/Air   41%        6-21      1%          5
b - Static Discharge      Conj/Air       99%        N/A       0%          2
c - Swiftness             Air            100%       N/A       0%          3
d - Airstrike             Air            53%        N/A       0%          4
e - Poisonous Vapours     Pois/Air       100%       N/A       1%          2
f - Blink                 Tloc           78%        N/A       1%          2
g - Maxwell's Capacitive  Air            53%        ∞         4%          8
h - Lightning Bolt        Conj/Air       49%        1d70      1%          5
i - Conjure Ball Lightni  Conj/Air       49%        3x3d17    1%          6

Your spell library contained the following spells:

 Spells                   Type           Power      Damage    Failure   Level
 Iskenderun's Battlesphe  Conj           70%        2d12      1%          5
 Shock                    Conj/Air       100%       1d9       0%          1
 Freeze                   Ice            64%        1d8       1%          1
 Magic Dart               Conj           100%       1d8       1%          1
 Corpse Rot               Necr/Air       100%       N/A       1%          2
 Sting                    Tmut/Pois      76%        1d6       2%          1
 Beastly Appendage        Tmut           32%        N/A       3%          1
 Slow                     Hex            64%        N/A       3%          1
 Call Imp                 Summ           16%        N/A       4%          2
 Ensorcelled Hibernation  Hex/Ice        32%        N/A       4%          2
 Wereblood                Tmut           16%        N/A       4%          2
 Gell's Gravitas          Tloc           19%        N/A       1%          3
 Lesser Beckoning         Tloc           39%        N/A       1%          3
 Mephitic Cloud           Conj/Pois/Air  83%        N/A       1%          3
 Teleport Other           Tloc           39%        N/A       1%          3
 Fulminant Prism          Conj/Hex       24%        3d13      1%          4
 Hailstorm                Conj/Ice       49%        3d11      1%          4
 Iskenderun's Mystic Bla  Conj/Tloc      57%        2d12      1%          4
 Frozen Ramparts          Ice            32%        1d5       2%          3
 Fireball                 Conj/Fire      24%        3d11      2%          5
 Portal Projectile        Hex/Tloc       54%        N/A       4%          3
 Olgreb's Toxic Radiance  Pois           22%        N/A       6%          4
 Orb of Destruction       Conj           35%        9d13      6%          7
 Spider Form              Tmut/Pois      9%         N/A       9%          3
 Confusing Touch          Hex            16%        N/A       10%         3
 Ozocubu's Armour         Ice            16%        N/A       10%         3
 Summon Guardian Golem    Hex/Summ       16%        N/A       10%         3
 Vampiric Draining        Necr           8%         2d7       10%         3
 Starburst                Conj/Fire      24%        6d8       13%         6
 Manifold Assault         Tloc           39%        N/A       19%         5
 Lee's Rapid Deconstruct  Erth           8%         3d8*      24%         5
 Dispel Undead            Necr           16%        3d10      32%         4
 Ice Form                 Ice/Tmut       16%        N/A       32%         4
 Summon Forest            Summ/Tloc      13%        N/A       38%         5
 Spellforged Servitor     Conj/Summ      24%        N/A       52%         7
 Blade Hands              Tmut           8%         N/A       67%         5
 Metabolic Englaciation   Hex/Ice        8%         N/A       67%         5
 Eringya's Noxious Bog    Tmut/Pois      9%         N/A       67%         6
 Death Channel            Necr           8%         N/A       99%         6
 Invisibility             Hex            8%         N/A       99%         6
 Simulacrum               Ice/Necr       8%         N/A       99%         6
 Statue Form              Tmut/Erth      10%        N/A       99%         6
 Ozocubu's Refrigeration  Ice            8%         4d6       99%         7
 Lehudib's Crystal Spear  Conj/Erth      24%        10d7      99%         8
 Summon Hydra             Summ           8%         N/A       100%        7
 Discord                  Hex            8%         N/A       100%        8
 Disjunction              Tloc           19%        N/A       100%        8
 Ignition                 Fire           8%         3d5       100%        8
 Polar Vortex             Ice            8%         N/A       100%        9


Dungeon Overview and Level Annotations

Branches:
Dungeon (15/15) Temple (1/1) D:6 Lair (6/6) D:9 Shoals (0/4) Lair:4 Snake (2/4) Lair:3 Slime (0/5) Lair:6 Orc (2/2) D:9 Elf (0/3) Orc:2 Vaults (0/5) D:12 D:13 Depths (0/4) D:15 Ossuary (visited) IceCv (visited) Gauntlet (visited)

Altars:
Ashenzari
Cheibriados
Dithmenos
Elyvilon
Fedhas
Gozag
Hepliaklqana
Kikubaaqudgha
Makhleb
Nemelex Xobeh
Okawaru
Qazlal
Ru
Sif Muna
Trog
Uskayaw
Vehumet
Wu Jian
Xom
Yredelemnul
Zin
The Shining One
Beogh
Jiyva

Shops:
D:1 *   D:7 (   D:15 (   Orc:2 (!:([

Annotations:
D:8 loot, exclusion: upstairs


Innate Abilities, Weirdness & Mutations

You have a beak for a mouth.
You have claws for feet.
Your magical nature lets you fly swiftly and evasively.


Message History

The salamander tyrant gazes fiercely through you!
You feel as though you will be weak longer.
There is a stone staircase leading up here.
Casting: Freezing Cloud (mildly dangerous; 1% risk of failure)
Confirm with . or Enter, or press ? or * to list all spells.
Aiming: Freezing Cloud (mildly dangerous; 1% risk of failure)
Press: ? - help, Dir - move target You feel a surge of power!
The salamander tyrant is engulfed in freezing vapours.
The salamander tyrant rends the earth beneath you!
The blast of magma engulfs you!!
You hear an angry hiss.
Unknown command.
The salamander tyrant is engulfed in freezing vapours.
Casting: Freezing Cloud (mildly dangerous; 1% risk of failure)
Confirm with . or Enter, or press ? or * to list all spells.
Aiming: Freezing Cloud (mildly dangerous; 1% risk of failure)
Press: ? - help, Dir - move target You feel a surge of power!
The anaconda hisses angrily. x2; You hear a shout!
The salamander tyrant is engulfed in freezing vapours.
The salamander tyrant rends the earth beneath you!
You hear a sizzling sound!
The blast of magma engulfs you!!
Unknown command.
Unknown command.
A salamander comes into view. It is wielding a +0 trident.
The salamander tyrant is engulfed in freezing vapours.
The salamander tyrant rends the earth beneath you!
The blast of magma engulfs you!!
* * * LOW HITPOINT WARNING * * *
A salamander mystic comes into view. It is wielding a +0 quarterstaff.
Unknown command.
Unknown command.
The anaconda is engulfed in freezing vapours.
The anaconda seems to slow down.
The salamander tyrant is engulfed in freezing vapours.
The salamander tyrant calls gouts of flame from the lava!
The flame surge hits you!!
You die...

........## #.
.........## #..$
..........# #.....
..=..)....###.$.#...
..........##........
..........#.........
.......).....§......
.......†.≈≈≈§§§.....
.........≈@≈§§§N§...
##.......≈.≈§S§§§...
##.......S.§.§§§...
#...........).....
#..................
................NN..
....#...............
.###........N.....
#.............S


You could see a naga warrior, a salamander tyrant, a salamander mystic, a
salamander and 2 anacondas.

Vanquished Creatures
  Saint Roka (Orc:2)
  Rupert (D:13)
  Kirke (Lair:3)
  Roxanne (Snake:1)
  2 orc warlords
  A fire giant (D:15)
  The ghost of Qeedwuet the Bludgeoner, a journeyman MiFi of Wu Jian (Lair:5)
  4 reapers
  Nessos (D:13)
  A minotaur (Gauntlet)
  Azrael (D:13)
  The ghost of StikS32 the Fighter, a journeyman GrFi of Okawaru (D:11)
  Snorg (D:12)
  3 naga warriors (Snake:1)
  Fannar (D:10)
  12 hydras
  An ice dragon (D:14)
  2 boulder beetles
  5 caustic shrike simulacra (IceCv)
  5 catoblepae
  4 centaur warriors
  Erolcha (D:12)
  5 two-headed ogres
  3 anacondas
  3 tengu warriors
  11 death yaks (Lair:6)
  Urug (D:12)
  3 orc high priests
  2 naga sharpshooters (Snake:1)
  Sonja (D:12)
  4 skeletal warriors (D:14)
  2 bog bodies (IceCv)
  3 orc knights
  2 obsidian statues (IceCv)
  3 ugly things
  3 deep elf pyromancers
  5 orc sorcerers
  A mana viper (Snake:1)
  2 oklob plants
  4 salamanders
  6 manticores
  7 cyclopes
  11 black mambas
  Maggie (D:10)
  10 elephants
  10 cane toads
  A gargoyle (D:12)
  7 torpor snails
  An ice statue (Lair:5)
  5 naga magi
  2 unseen horrors
  3 tengu conjurers
  An anaconda simulacrum (IceCv)
  3 rime drakes (D:12)
  10 komodo dragons
  A kobold demonologist (D:12)
  An efreet (D:13)
  An ice devil (Gauntlet)
  3 freezing wraiths (IceCv)
  3 golden dragon simulacra (IceCv)
  7 trolls
  3 meliai (D:15)
  A hornet (shapeshifter) (D:13)
  2 hornets (Gauntlet)
  Prince Ribbit (Lair:2)
  33 blink frogs
  5 slime creatures
  7 dream sheep (Lair:6)
  A snapping turtle (Lair:4)
  7 centaur simulacra (D:12)
  7 wyverns
  2 shadows
  5 hogs (Lair:4)
  15 humans
  4 wraiths
  A spriggan simulacrum (IceCv)
  2 fire elementals (D:12)
  57 yaks
  7 basilisks
  9 vampire mosquitoes
  An acid dragon (D:10)
  3 wargs
  A harpy simulacrum (IceCv)
  13 nagas
  A hydra simulacrum (IceCv)
  2 hell hounds
  9 water moccasins
  39 orc warriors
  3 ettin simulacra (IceCv)
  2 ice beasts
  3 sky beasts
  A meliai simulacrum (D:12)
  A necrophage (D:5)
  23 centaurs
  4 boggarts
  7 ogres
  A kobold brigand (D:7)
  20 bullfrogs
  A wyvern zombie (D:8)
  A wyvern skeleton (D:5)
  A scorpion (D:5)
  3 water moccasin zombies (Ossuary)
  2 deep troll simulacra (IceCv)
  2 water moccasin skeletons
  3 killer bees
  2 electric eels (Lair:3)
  4 howler monkeys
  A bullfrog zombie (D:7)
  3 centaur zombies
  A jelly (D:6)
  18 orc priests
  3 hounds
  2 centaur skeletons
  5 iguanas
  A scorpion zombie (D:5)
  29 orc wizards
  A hound skeleton (D:2)
  2 mummies (Ossuary)
  A howler monkey zombie (D:9)
  A howler monkey skeleton (D:5)
  4 gnolls (Orc:1)
  7 adders
  2 shadow imps
  3 white imps
  3 adder zombies (Ossuary)
  2 worms
  2 dart slugs
  91 orcs
  8 endoplasms
  A giant cockroach (D:1)
  5 gnoll zombies (Ossuary)
  6 goblins
  4 hobgoblins
  4 jackals
  3 quokkas
  5 ball pythons
  7 bats
  A frilled lizard (D:2)
  3 hobgoblin zombies (Ossuary)
  3 kobolds
  4 kobold zombies (Ossuary)
  3 orc zombies (Ossuary)
  7 rats
771 creatures vanquished.

Vanquished Creatures (collateral kills)
  5 ball lightnings
5 creatures vanquished.

Vanquished Creatures (others)
  A human (D:13)
  2 orc wizards
  112 ball lightnings
  31 fungi
  86 plants
  A withered plant (Gauntlet)
233 creatures vanquished.

Grand Total: 1009 creatures vanquished

Notes
Turn   | Place    | Note
-------+----------+-------------------------------------------
     0 | D:1      | 1994 the Tengu Air Elementalist began the quest for the
                  | Orb.
     0 | D:1      | Reached XP level 1. HP: 10/10 MP: 4/4
   187 | D:1      | Reached XP level 2. HP: 15/15 MP: 3/6
   501 | D:1      | Found Jumef's General Store.
   776 | D:1      | Learned a level 2 spell: Static Discharge
   939 | D:2      | Reached XP level 3. HP: 20/20 MP: 4/7
  1469 | D:3      | Reached XP level 4. HP: 17/24 MP: 8/8
  2145 | D:3      | Reached skill level 1 in Fighting
  2305 | D:3      | Found a faded altar of an unknown god.
  2425 | D:4      | Gained mutation: Your magical nature lets you fly swiftly
                  | and evasively. [Tengu growth]
  2425 | D:4      | Reached XP level 5. HP: 29/29 MP: 5/10
  2445 | D:4      | Reached skill level 5 in Air Magic
  2518 | D:4      | Reached skill level 1 in Armour
  2595 | D:4      | Reached XP level 6. HP: 31/34 MP: 5/11
  2831 | D:4      | Reached skill level 1 in Shields
  3095 | D:4      | Noticed a sky beast
  3178 | D:4      | Killed a sky beast
  3490 | D:4      | Reached XP level 7. HP: 39/39 MP: 7/13
  3535 | D:4      | Learned a level 3 spell: Swiftness
  3540 | D:4      | Learned a level 4 spell: Airstrike
  3778 | D:5      | Entered Level 5 of the Dungeon
  4231 | D:5      | Reached skill level 6 in Air Magic
  4559 | D:5      | Reached XP level 8. HP: 20/45 MP: 14/14
  4843 | D:5      | Reached skill level 5 in Conjurations
  5406 | D:6      | Found a sand-covered staircase.
  5411 | Ossuary  | Entered an ossuary
  5737 | Ossuary  | Reached skill level 7 in Air Magic
  5865 | D:6      | Found a staircase to the Ecumenical Temple.
  5891 | Temple   | Entered the Ecumenical Temple
  6322 | Temple   | Became a worshipper of Vehumet
  6484 | D:6      | Learned a level 2 spell: Poisonous Vapours
  6573 | D:6      | Found a shimmering altar of Xom.
  6811 | D:6      | Found a blossoming altar of Fedhas.
  6812 | D:6      | Found an ancient bone altar of Kikubaaqudgha.
  7060 | D:7      | Noticed a wyvern
  7071 | D:7      | Killed a wyvern
  7072 | D:7      | Reached XP level 9. HP: 24/50 MP: 9/17
  7458 | D:7      | Reached skill level 1 in Poison Magic
  7516 | D:7      | Reached skill level 5 in Spellcasting
  7573 | D:7      | Reached skill level 8 in Air Magic
  7614 | D:7      | Found Tunnergha's Weapon Emporium.
  8109 | D:7      | Noticed a manticore
  8187 | D:7      | Killed a manticore
  8247 | D:7      | Noticed a troll
  8254 | D:7      | Killed a troll
  8282 | D:7      | Noticed a brown ugly thing
  8309 | D:7      | Identified the ring "Jedd" {Will- Str+6 Int+7}
  8309 | D:7      | Noticed a deep elf pyromancer
  8319 | D:7      | Killed a deep elf pyromancer
  8320 | D:7      | Reached XP level 10. HP: 40/56 MP: 7/19
  8370 | D:7      | Noticed a two-headed ogre
  8401 | D:7      | Reached skill level 9 in Air Magic
  8416 | D:7      | Killed a two-headed ogre
  8417 | D:7      | Reached skill level 5 in Dodging
  8417 | D:7      | Reached skill level 5 in Stealth
  8531 | D:7      | Got the Disquisition on Enchantment and the Glacier
  8677 | D:7      | Killed a brown ugly thing
  8716 | D:7      | Learned a level 2 spell: Blink
  8765 | D:7      | Found a basalt altar of Yredelemnul.
  8768 | D:7      | Found an iron altar of Okawaru.
  9018 | D:8      | Reached * piety under Vehumet
  9018 | D:8      | Offered knowledge of Sandblast by Vehumet.
  9329 | D:8      | Reached skill level 1 in Translocations
  9459 | D:8      | Found a glowing silver altar of Zin.
  9898 | D:7      | Found a white marble altar of Elyvilon.
  9898 | D:7      | Found a burning altar of Makhleb.
 10030 | D:9      | Reached skill level 5 in Armour
 10075 | D:9      | Found a staircase to the Lair.
 10104 | D:9      | Reached skill level 10 in Air Magic
 10145 | D:9      | Found a staircase to the Orcish Mines.
 10215 | D:9      | Killed an unseen horror
 10216 | D:9      | Reached XP level 11. HP: 53/62 MP: 17/22
 10422 | D:9      | Found a hazy altar of Hepliaklqana.
 10631 | D:9      | Found a shimmering blue altar of Sif Muna.
 10767 | D:9      | Reached skill level 1 in Short Blades
 10768 | D:9      | Reached skill level 5 in Fighting
 10853 | D:10     | Entered Level 10 of the Dungeon
 11002 | D:10     | Noticed Fannar
 11064 | D:10     | Noticed Maggie
 11088 | D:10     | Killed Maggie
 11144 | D:10     | Offered knowledge of Searing Ray by Vehumet.
 11272 | D:10     | Killed Fannar
 11522 | D:11     | Identified the +8 long sword of Ancient Evil {freeze, rC-
                  | Will+ Str+7 Int+4}
 11579 | D:11     | You are sucked into a shaft and drop 1 floor!
 11628 | D:12     | Reached ** piety under Vehumet
 11722 | D:12     | Noticed Sonja
 11729 | D:12     | Killed Sonja
 11742 | D:12     | Noticed a cyclops
 11766 | D:11     | Noticed a two-headed ogre
 11797 | D:11     | Killed a two-headed ogre
 11798 | D:11     | Reached skill level 10 in Conjurations
 11841 | D:11     | Noticed a two-headed ogre
 11872 | D:11     | Killed a two-headed ogre
 11873 | D:11     | Reached skill level 11 in Air Magic
 12219 | D:11     | Noticed a six-headed hydra
 12234 | D:11     | Killed a six-headed hydra
 12235 | D:11     | Reached XP level 12. HP: 68/68 MP: 20/24
 12689 | D:12     | Noticed Erolcha
 12708 | D:12     | Killed Erolcha
 12760 | D:12     | Noticed Snorg
 12781 | D:12     | Killed Snorg
 12872 | D:12     | Noticed a seven-headed hydra
 12950 | D:12     | Killed a seven-headed hydra
 13064 | D:12     | Found a runed translucent gate.
 13064 | D:12     | Found a runed translucent gate.
 13192 | D:12     | Got the Guide on Weightlessness and Arcane Weapons
 13193 | D:12     | Identified the +5 plate armour of Tueg {Regen+}
 13204 | D:12     | Learned a level 8 spell: Maxwell's Capacitive Coupling
 13236 | D:12     | Noticed StikS32's ghost (journeyman GrFi)
 13283 | D:12     | Found a runed translucent gate.
 13559 | D:12     | Offered knowledge of Scorch by Vehumet.
 14040 | D:12     | Got the ring "Zulanuwao" {Fire Will+ Str+3 SInv Stlth-}
 14187 | Lair:1   | Entered Level 1 of the Lair of Beasts
 14244 | Lair:1   | Reached *** piety under Vehumet
 14290 | Lair:1   | Reached skill level 5 in Short Blades
 14321 | Lair:1   | Reached skill level 12 in Air Magic
 14379 | Lair:1   | Noticed an eight-headed hydra
 14385 | Lair:1   | Killed an eight-headed hydra
 14392 | Lair:1   | Offered knowledge of Stone Arrow by Vehumet.
 14393 | Lair:1   | Reached XP level 13. HP: 68/76 MP: 21/26
 15397 | Lair:2   | Noticed Prince Ribbit
 15411 | Lair:2   | Killed Prince Ribbit
 15412 | Lair:2   | Reached **** piety under Vehumet
 15928 | Lair:3   | Offered knowledge of Conjure Flame by Vehumet.
 15973 | Lair:3   | Found a staircase to the Snake Pit.
 16211 | Lair:3   | Reached skill level 13 in Air Magic
 16981 | Lair:4   | Noticed Kirke
 17266 | Lair:4   | Noticed a sphinx
 17277 | Lair:3   | Killed Kirke
 17388 | Lair:4   | Reached XP level 14. HP: 48/84 MP: 21/27
 17440 | Lair:3   | Reached ***** piety under Vehumet
 17755 | Lair:4   | Found a staircase to the Shoals.
 17807 | Lair:5   | Found a transporter.
 17829 | Lair:5   | Offered knowledge of Lightning Bolt by Vehumet.
 17845 | Lair:5   | Learned a level 5 spell: Lightning Bolt
 18068 | Lair:5   | Found a transporter.
 18146 | Lair:5   | Reached skill level 14 in Air Magic
 18271 | Lair:5   | Found a snail-covered altar of Cheibriados.
 18699 | Lair:5   | Noticed Qeedwuet's ghost (journeyman MiFi)
 18727 | Lair:6   | Entered Level 6 of the Lair of Beasts
 18809 | Lair:6   | Found a glowing silver altar of Zin.
 19428 | Lair:6   | Found a staircase to the Slime Pits.
 19431 | Lair:6   | Found a viscous altar of Jiyva.
 19540 | Lair:6   | Reached skill level 10 in Fighting
 19548 | Lair:6   | Reached skill level 15 in Air Magic
 19637 | Lair:6   | Reached XP level 15. HP: 57/92 MP: 17/29
 19716 | Lair:6   | Offered knowledge of Yara's Violent Unravelling by Vehumet.
 20449 | Lair:5   | Found a transporter.
 20536 | Lair:5   | Found a snail-covered altar of Cheibriados.
 20785 | Lair:5   | Found a transporter.
 21167 | Lair:5   | Killed Qeedwuet's ghost
 21725 | D:11     | Killed StikS32's ghost
 21777 | D:13     | Noticed Rupert
 21777 | D:13     | Found a gate to the Vaults.
 21869 | D:13     | Noticed Urug
 21932 | D:13     | Noticed Nessos
 22076 | D:12     | Killed Urug
 22080 | D:12     | Reached skill level 10 in Spellcasting
 22256 | D:13     | Killed Rupert
 22257 | D:13     | Reached skill level 16 in Air Magic
 22373 | D:13     | Noticed Azrael
 22391 | D:13     | Killed Azrael
 22841 | D:13     | Identified 2 scrolls of acquirement
 23116 | D:13     | Killed Nessos
 23152 | D:13     | Found a gate to the Vaults.
 23416 | D:14     | Found a blossoming altar of Fedhas.
 23435 | D:14     | Identified the +1 ring mail of Lybivung {rF- rC- Will+++
                  | Slay+4}
 23500 | D:14     | Offered knowledge of Conjure Ball Lightning by Vehumet.
 23508 | D:14     | Learned a level 6 spell: Conjure Ball Lightning
 23609 | D:14     | Reached skill level 10 in Dodging
 23609 | D:14     | Reached skill level 10 in Stealth
 23611 | D:14     | Found a frozen archway.
 23756 | IceCv    | Entered an ice cave
 23842 | IceCv    | Reached skill level 10 in Armour
 24112 | IceCv    | Reached XP level 16. HP: 42/100 MP: 26/31
 25362 | D:14     | Reached skill level 17 in Air Magic
 25692 | Orc:1    | Entered Level 1 of the Orcish Mines
 25698 | Orc:1    | Offered knowledge of Freezing Cloud by Vehumet.
 26162 | Orc:2    | Entered Level 2 of the Orcish Mines
 26222 | Orc:2    | Found Noxzic's Distillery.
 26433 | Orc:2    | Found Qirhiek's Book Boutique.
 26790 | Orc:2    | Found Dixzuo's Antique Weapon Shoppe.
 27066 | Orc:2    | Learned a level 5 spell: Freezing Cloud
 27235 | Orc:2    | Found a staircase to the Elven Halls.
 27368 | Orc:2    | Offered knowledge of Iskenderun's Battlesphere by Vehumet.
 27418 | Orc:2    | Noticed Saint Roka
 27429 | Orc:2    | Killed Saint Roka
 27487 | Orc:2    | Found Hioblu's Antique Weapon Emporium.
 27491 | Orc:2    | Found Xydulereno's Antique Armour Shoppe.
 27909 | Orc:2    | Bought an embroidered cloak for 180 gold pieces
 27914 | Orc:2    | Bought a runed cloak for 180 gold pieces
 27923 | Orc:2    | Bought a crude robe for 136 gold pieces
 27923 | Orc:2    | Identified the +1 robe of Focus {rN+ Will+ rCorr} (You
                  | bought it in a shop on level 2 of the Orcish Mines)
 28210 | D:1      | Bought a scroll of blinking for 82 gold pieces
 28485 | D:15     | Entered Level 15 of the Dungeon
 28700 | D:15     | Found a gate leading to a gauntlet.
 28728 | Gauntlet | Entered a Gauntlet
 28728 | Gauntlet | Found a transporter.
 28728 | Gauntlet | Found a transporter.
 28743 | Gauntlet | Found a transporter.
 28748 | Gauntlet | Found a transporter.
 28762 | Gauntlet | Found a transporter.
 28775 | Gauntlet | Found a transporter.
 28863 | Gauntlet | Found a transporter.
 28878 | Gauntlet | Found a transporter.
 28892 | Gauntlet | Found a transporter.
 28905 | Gauntlet | Found a transporter.
 28921 | Gauntlet | Found a transporter.
 28988 | Gauntlet | Found a transporter.
 28998 | Gauntlet | Found a transporter.
 29008 | Gauntlet | Found a transporter.
 29020 | Gauntlet | Found a transporter.
 29034 | Gauntlet | Found a transporter.
 30404 | D:15     | Found a staircase to the Depths.
 30529 | D:15     | Found Weraev's Weapon Boutique.
 30865 | Snake:1  | Entered Level 1 of the Snake Pit
 31027 | Snake:1  | Identified Roxanne's Tome of Transmigration
 31027 | Snake:1  | Noticed Roxanne
 31152 | Snake:1  | Identified the +2 scale mail "Cyaq Fou" {rF+ Dex+2}
 31272 | Snake:1  | Reached XP level 17. HP: 95/108 MP: 33/33
 31497 | Snake:1  | Found the +11 plutonium sword {Contam Stlth-}
 31872 | Snake:1  | Killed Roxanne
 32030 | Snake:2  | Killed from afar by a salamander tyrant

Illustrated notes

Levels and vault maps discovered:
D:1:      amcnicky_arrival_gap_in_the_tavern_cellar, layout_rooms, serial_shops,
          nicolae_shop_stone
D:2:      layout_loops_ring, minmay_misc_feat_roman,
          corexii_item_surrounded_by_moat
D:3:      layout_rooms, chequers_ecumenical_altar_twisty, grunt_ministairs_8,
          kennysheep_crisscross, roderic_roman_lattice
D:4:      minmay_angry_zag, layout_cave_pools
D:5:      layout_rooms
D:6:      layout_loops_corners, grunt_temple_overflow_growth_and_decay,
          old_standard_altar, minmay_temple_entry_arrows, enter_ossuary_5,
          kennysheep_decorative_pillar, solitary_fountain
D:7:      minmay_the_grid_triangle_9x9_rhombus_thin
          [minmay_the_grid_triangle_9x9_corrupted_corridor,
          minmay_the_grid_triangle_9x9_prize_insulated,
          minmay_the_grid_triangle_9x9_impossible_snake,
          minmay_the_grid_triangle_9x9_odd_lines], layout_basic,
          nicolae_overflow_hidden_temple, serial_shops, shop_coins
D:8:      layout_basic, zin_scriptorium
D:9:      layout_basic, nicolae_hepliaklqana_hippocampus, tgw_sif,
          david_lair_shrubbed, orc_0_dummy
D:10:     layout_big_octagon, uniq_maggie, uniq_fannar
D:11:     layout_small_grid, kennysheep_generic_room_8
D:12:     layout_loops_ring, gammafunk_ghost_icy, minmay_diamond_spiral,
          uniq_sonja, uniq_erolcha, uniq_snorg
D:13:     layout_rooms, david_vaults_3, minmay_circle_x, uniq_urug, uniq_nessos,
          uniq_azrael
D:14:     layout_basic, portal_ice_cave_entry_pillars_2, minivault_26,
          fedhas_altar_1
D:15:     grunt_enter_depths_giant_problem, layout_irregular_city,
          gauntlet_entry_generic, serial_shops,
          nicolae_shop_temple_entry_statues_fountains
Temple:   minmay_temple_forest_path
Lair:1:   layout_loops_ring, infiniplex_staircase_pool_2
Lair:2:   layout_misc_corridors, serial_forest, infiniplex_forest_clump_C,
          infiniplex_forest_lined_1, infiniplex_forest_straight_3,
          infiniplex_forest_straight_4, infiniplex_forest_clump_curved,
          minmay_lair_oklob_items, uniq_prince_ribbit2
Lair:3:   layout_chaotic_city, guppyfry_snake_entry_island, minivault_24,
          serial_bayou_shore_a
Lair:4:   layout_big_grid, minmay_shoals_entry_hut, uniq_kirke
Lair:5:   wander_river, layout_regular_city, nzn_ghost_randoct,
          kennysheep_snail_temple
Lair:6:   evilmike_catoblepas_cave, layout_layer_cave, slime_altar_1,
          lemuel_centaur_altar, grunt_megastairs_4, infiniplex_staircase_pool
Snake:1:  layout_grid_shapes, uniq_roxanne
Snake:2:  layout_grid_shapes, lemuel_fruit_tree
Orc:1:    layout_caves
Orc:2:    grunt_orc_community_town_hall, layout_caves,
          grunt_orc_community_big_house_1, grunt_orc_community_big_house_1,
          grunt_orc_community_house_3, grunt_orc_community_house_2,
          grunt_orc_community_house_3, grunt_orc_community_house_1,
          grunt_orc_community_house_2, grunt_orc_community_house_1,
          serial_shops, nicolae_shop_statue_plus, uniq_rupert

Skill      XL: |  1  2  3  4  5  6  7  8  9 10 11 12 13 14 15 16 17 |
---------------+----------------------------------------------------+-----
Conjurations   | 2 3 4 6 7 9 10 11 | 11.7
Fighting       | 1 2 3 4 5 7 8 10 11 12 | 12.8
Air Magic      | 5 6 7 8 10 11 12 13 15 16 17 | 17.6
Armour         | 1 2 3 4 5 6 7 9 10 | 10.9
Spellcasting   | 3 4 5 6 7 8 9 10 11 | 11.9
Shields        | 1 2 3 4 |  4.0
Dodging        | 3 4 5 6 7 8 9 10 11 | 11.0
Stealth        | 3 4 5 6 7 8 9 10 11 | 11.0
Poison Magic   | 1 |  1.0
Translocations | 1 3 4 |  4.0
Short Blades   | 2 5 7 8 |  8.0

Action                   |  1- 3 |  4- 6 |  7- 9 | 10-12 | 13-15 | 16-18 || total
-------------------------+-------+-------+-------+-------+-------+-------++-------
Melee: Dagger            |    48 |    58 |   147 |   115 |       |       ||   368
       Kick              |     8 |    13 |    36 |   154 |   214 |    60 ||   485
       Peck              |     8 |    13 |    30 |    72 |   145 |    33 ||   301
       Staff             |       |       |       |     1 |    11 |     6 ||    18
       Quick blade       |       |       |       |   176 |   680 |   174 ||  1030
 Cast: Shock             |    25 |    51 |   167 |   162 |    17 |     3 ||   425
       Poisonous Vapours |       |       |     4 |    26 |     9 |       ||    39
       Airstrike         |       |       |     8 |    60 |    89 |    80 ||   237
       Static Discharge  |       |       |     1 |    24 |   112 |     9 ||   146
       Maxwell's Capacit |       |       |       |       |    22 |     5 ||    27
       Lightning Bolt    |       |       |       |       |   100 |    13 ||   113
       Blink             |       |       |       |       |     1 |       ||     1
       Conjure Ball Ligh |       |       |       |       |       |    45 ||    45
       Freezing Cloud    |       |       |       |       |       |    37 ||    37
Evoke: Wand              |       |       |       |     1 |     3 |     2 ||     6
  Use: Scroll            |       |       |     8 |    13 |    11 |     3 ||    35
 Stab: Sleeping          |       |     3 |     2 |     7 |     7 |     2 ||    21
       Distracted        |       |       |       |     1 |     1 |     1 ||     3
       Paralysed         |       |       |       |     1 |     2 |     1 ||     4
Armor: Leather armour    |    12 |       |       |       |       |       ||    12
       Ring mail         |    27 |    26 |    58 |     6 |       |       ||   117
       Robe              |     1 |       |       |       |     5 |     7 ||    13
       Troll leather arm |       |       |       |    80 |   137 |    11 ||   228
       Skin              |       |       |       |       |     6 |       ||     6
Dodge: Dodged            |    33 |    38 |    99 |   270 |   393 |   124 ||   957
Block: Buckler           |       |     8 |    37 |   115 |   122 |    44 ||   326

Table legend: (Time is in decaauts)
 A = Elapsed time spent in this place.
 B = Non-inter-level travel time spent in this place.
 C = Inter-level travel time spent in this place.
 D = Time resting spent in this place.
 E = Time spent auto-exploring this place.
 F = Levels seen in this place.
 G = Mean time per level.
                   A        B        C        D        E       F      G
               +--------+--------+--------+--------+--------+-----+--------+
         Total |  29209 |  26834 |   2375 |   6022 |  12801 |  29 | 1007.2 |
       Dungeon |  16795 |  15066 |   1729 |   3525 |   7166 |  15 | 1119.7 |
        Temple |    408 |    354 |     54 |      0 |    336 |   1 |  408.0 |
          Lair |   6410 |   5949 |    461 |    724 |   3716 |   6 | 1068.3 |
     Snake Pit |   1104 |   1085 |     19 |    519 |    304 |   2 |  552.0 |
  Orcish Mines |   1764 |   1653 |    111 |    121 |    975 |   2 |  882.0 |
       Ossuary |    391 |    391 |      0 |    204 |      0 |   1 |  391.0 |
      Ice Cave |   1320 |   1320 |      0 |    776 |     14 |   1 | 1320.0 |
      Gauntlet |   1015 |   1015 |      0 |    151 |    288 |   1 | 1015.0 |
               +--------+--------+--------+--------+--------+-----+--------+

Top non-repeatable levels by time:
    D:12: 2091 daAuts
     D:7: 2046 daAuts
  Lair:5: 1733 daAuts
   Orc:2: 1367 daAuts
  Lair:6: 1362 daAuts
     D:4: 1352 daAuts
   IceCv: 1320 daAuts
     D:5: 1306 daAuts
    D:11: 1217 daAuts
     D:9: 1148 daAuts
Gauntlet: 1015 daAuts
    D:15: 1000 daAuts
 Snake:1: 992 daAuts
     D:8: 991 daAuts
    D:14: 939 daAuts
